 Dungeon Crawl Stone Soup version 0.27-a0-396-g03f4e8edb7 (webtiles) character file.

Game seed: 8674588118872157815

979 Murumi the Chucker (level 8, 0/78 HPs)
             Began as an Ogre Gladiator on Feb 20, 2021.
             Was a Believer of Okawaru.
             Slain by an ogre
             ... wielding a +0 giant club
              (25 damage)
             ... on level 6 of the Dungeon on Feb 21, 2021.
             The game lasted 00:29:00 (7952 turns).

Murumi the Chucker (Ogre Gladiator)                 Turns: 7952, Time: 00:29:01

Health: 0/78       AC:  5    Str: 19    XL:     8   Next: 17%
Magic:  8/8        EV: 18    Int: 11    God:    Okawaru [**....]
Gold:   338        SH:  0    Dex: 10    Spells: 7/7 levels left

rFire    . . .     SeeInvis .   a - +3 flail (vorpal)
rCold    . . .     Faith    .   (no shield)
rNeg     . . .     Spirit   .   b - +0 robe
rPois    .         Reflect  .   B - +1 hat
rElec    .         Harm     .   A - +0 cloak
rCorr    .         Rampage  .   (gloves unavailable)
Will     .....                  (boots unavailable)
Stlth    ++........             (no amulet)
HPRegen  0.23/turn              i - +4 ring of evasion
MPRegen  0.11/turn              z - +4 ring of evasion

@: no status effects
A: large, unfitting armour, tough skin 1
a: Renounce Religion, Heroism


You were on level 6 of the Dungeon.
You worshipped Okawaru.
Okawaru was pleased with you.
You visited 1 branch of the dungeon, and saw 6 of its levels.
You also visited: Sewer.

You collected 338 gold pieces.

Inventory:

Hand Weapons
 a - a +3 vorpal flail (weapon)
 g - a +0 whip
 y - a +0 giant spiked club
Missiles
 d - 2 throwing nets
 f - 5 boomerangs
 j - 181 stones (quivered)
 r - 23 poisoned darts
 u - 2 javelins
 x - 6 atropa-tipped darts
Armour
 b - a +0 robe (worn)
 A - a +0 cloak (worn)
 B - a +1 hat (worn)
Jewellery
 i - a +4 ring of evasion (left hand)
 n - a ring of ice
 o - a ring of poison resistance
 z - a +4 ring of evasion (right hand)
Scrolls
 k - 8 scrolls of teleportation
 p - 2 scrolls of fear
 q - a scroll of blinking
Potions
 e - a potion of attraction
 h - 4 potions of curing
 l - a potion of ambrosia
 m - a potion of might
 s - a potion of lignification {unknown}
 t - 3 potions of magic
 v - a potion of heal wounds {unknown}
 w - a potion of flight {unknown}


   Skills:
 - Level 4.0 Fighting
 - Level 5.0 Maces & Flails
 + Level 5.4 Throwing
 - Level 1.0 Armour
 - Level 3.0 Dodging
 - Level 4.0 Stealth
 - Level 1.0 Invocations


You had 7 spell levels left.
You didn't know any spells.
Your spell library contained the following spells:

 Spells                   Type           Power        Failure   Level
 Freeze                   Ice            0%           34%         1
 Frozen Ramparts          Ice            0%           71%         3
 Ozocubu's Armour         Ice            0%           71%         3
 Hailstorm                Conj/Ice       0%           98%         4
 Summon Ice Beast         Ice/Summ       0%           98%         4


Dungeon Overview and Level Annotations

Branches:
Dungeon (6/15)              Sewer (visited)
 Temple: D:4-7

Altars:
Ashenzari
Cheibriados
Gozag
Kikubaaqudgha
Okawaru
Uskayaw
The Shining One


Innate Abilities, Weirdness & Mutations

You are too large for most types of armour.
You have tough skin. (AC +1)


Message History

The bullfrog misses you.
You hit the bullfrog.
The bullfrog is heavily wounded.
The bullfrog barely misses you.
You closely miss the bullfrog.
The bullfrog is heavily wounded.
The bullfrog closely misses you. The bullfrog misses you.
You closely miss the bullfrog.
The bullfrog is heavily wounded.
The bullfrog barely misses you. The bullfrog hits you.
You completely miss the bullfrog.
The bullfrog is heavily wounded.
The bullfrog completely misses you.
You hit the bullfrog.
The bullfrog is almost dead.
The bullfrog hits you. The bullfrog barely misses you.
You closely miss the bullfrog.
The bullfrog is almost dead.
The bullfrog closely misses you. The bullfrog hits you.
You hit the bullfrog but do no damage.
The bullfrog is almost dead.
The bullfrog hits you but does no damage.
You closely miss the bullfrog.
The bullfrog is almost dead.
The bullfrog barely misses you. x2
You sock the bullfrog!
You kill the bullfrog!
Okawaru accepts your kill.
You sock the ogre!
The ogre is heavily wounded.
The ogre hits you with a +0 giant club!!
You are too injured to fight recklessly!
You are too injured to fight recklessly!
You hit the ogre.
The ogre is heavily wounded.
The ogre hits you with a +0 giant club!
You barely miss the ogre.
The ogre is heavily wounded.
The ogre hits you with a +0 giant club!!
You die...

.#####..#
.#/(?#..#
.#)$$#..#
.#(($#..#
.#####..#
......?.#
.......o#
#######O#
#@#
#.#######
#.......#
#######.#
#.# #.#
#.# #.#
##.#


You could see an ogre and an orc.

Vanquished Creatures
  Edmund (D:5)
  A water moccasin (D:5)
  An ice beast (D:5)
  An ogre (D:4)
  A phantom (D:4)
  A bullfrog (D:6)
  2 scorpions
  Crazy Yiuf (D:4)
  An orc wizard (D:4)
  A worker ant (D:5)
  A hound skeleton (D:4)
  8 adders
  A river rat (D:3)
  A shadow imp (D:5)
  A white imp (D:5)
  An ooze (D:2)
  An adder zombie (D:5)
  An adder skeleton (D:4)
  2 worms
  A dart slug (D:3)
  5 leopard geckos
  15 orcs
  5 giant cockroaches
  10 goblins
  8 hobgoblins
  9 jackals
  18 kobolds
  2 quokkas
  6 ball pythons
  8 bats
  7 frilled lizards
  2 leopard gecko skeletons (D:4)
  A quokka zombie (D:5)
  9 rats
134 creatures vanquished.

Vanquished Creatures (others)
  15 plants (Sewer)
15 creatures vanquished.

Grand Total: 149 creatures vanquished

Notes
Turn   | Place    | Note
-------+----------+-------------------------------------------
     0 | D:1      | Murumi the Ogre Gladiator began the quest for the Orb.
     0 | D:1      | Reached XP level 1. HP: 22/22 MP: 1/1
   160 | D:1      | Reached XP level 2. HP: 31/31 MP: 2/2
   379 | D:1      | Reached skill level 1 in Stealth
   383 | D:1      | Reached XP level 3. HP: 37/37 MP: 3/3
  1427 | D:2      | Found a glowing golden altar of the Shining One.
  1695 | D:2      | Reached XP level 4. HP: 45/45 MP: 4/4
  2520 | D:3      | Found a glowing drain.
  2524 | Sewer    | Entered a sewer
  2830 | Sewer    | Reached XP level 5. HP: 39/53 MP: 5/5
  4121 | D:3      | Found an opulent altar of Gozag.
  4492 | D:3      | Upgraded the game from 0.27-a0-393-gba1aca71f1 to
                  | 0.27-a0-396-g03f4e8edb7
  4493 | D:3      | Found a hide-covered altar of Uskayaw.
  5239 | D:4      | Reached XP level 6. HP: 33/61 MP: 6/6
  5420 | D:4      | Found an ancient bone altar of Kikubaaqudgha.
  5446 | D:4      | Found an iron altar of Okawaru.
  5449 | D:4      | Became a worshipper of Warmaster Okawaru
  5878 | D:4      | Reached skill level 1 in Invocations
  5879 | D:4      | Found a broken altar of Ashenzari.
  6024 | D:4      | Reached * piety under Okawaru
  6025 | D:4      | Reached skill level 1 in Armour
  6025 | D:4      | Reached XP level 7. HP: 70/70 MP: 7/7
  6280 | D:4      | Found a runed translucent door.
  6281 | D:4      | Noticed Crazy Yiuf
  6304 | D:4      | Killed Crazy Yiuf
  6570 | D:5      | Entered Level 5 of the Dungeon
  6829 | D:5      | Reached skill level 5 in Throwing
  6863 | D:5      | Found a snail-covered altar of Cheibriados.
  7175 | D:5      | Noticed Edmund
  7190 | D:5      | Killed Edmund
  7190 | D:5      | Reached ** piety under Okawaru
  7191 | D:5      | Found a glowing golden altar of the Shining One.
  7364 | D:5      | Reached skill level 5 in Maces & Flails
  7364 | D:5      | Reached XP level 8. HP: 29/78 MP: 5/8
  7952 | D:6      | Slain by an ogre

Illustrated notes

Levels and vault maps discovered:
D:1:      dpeg_arrival_another_circle, layout_loops_ring, lemuel_old_faithful
D:2:      layout_basic, tso_metal_star
D:3:      layout_basic, lemuel_doored_altar, eat_drink_and_be_merry_uskayaw,
          gup_sewer_entry_bowl
D:4:      minmay_wonky_spiral, layout_rooms, kiku_gazebo_pond_becter,
          kennysheep_mini, general_overflow_altar, minmay_unequal,
          uniq_crazy_yiuf_cottage
D:5:      layout_loops_ring, lemuel_crystal_altar, cheibriados_altar_1,
          uniq_edmund
D:6:      cheibrodos_fzero, layout_loops_ring, nicolae_overflow_hidden_temple,
          due_unseen_surprise

Skill      XL: |  1  2  3  4  5  6  7 |
---------------+----------------------+-----
Fighting       | 3 4 |  4.0
Maces & Flails | 3 4 5 |  5.0
Dodging        | 3 |  3.0
Stealth        | 1 2 3 4 |  4.0
Throwing       | 3 4 5 |  5.4
Invocations    | 1 |  1.0
Armour         | 1 |  1.0

Action                   |  1- 3 |  4- 6 |  7- 9 || total
-------------------------+-------+-------+-------++-------
Melee: Flail             |    25 |       |    37 ||    62
       Whip              |    32 |   373 |   103 ||   508
Throw: Boomerang         |    46 |       |     3 ||    49
       Stone             |    19 |   157 |    14 ||   190
       Throwing net      |     3 |     1 |     2 ||     6
       Dart              |       |     5 |    15 ||    20
Invok: Heroism           |       |       |     1 ||     1
  Use: Scroll            |     6 |     3 |     1 ||    10
       Potion            |       |     1 |       ||     1
 Stab: Sleeping          |     2 |     4 |     3 ||     9
       Held in net/web   |       |     1 |     2 ||     3
       Invisible         |       |       |     3 ||     3
Armor: Robe              |    16 |    44 |    14 ||    74
Dodge: Dodged            |    43 |   184 |    96 ||   323

Table legend: (Time is in decaauts)
 A = Elapsed time spent in this place.
 B = Non-inter-level travel time spent in this place.
 C = Inter-level travel time spent in this place.
 D = Time resting spent in this place.
 E = Time spent auto-exploring this place.
 F = Levels seen in this place.
 G = Mean time per level.
                   A        B        C        D        E       F      G
               +--------+--------+--------+--------+--------+-----+--------+
         Total |   8163 |   7673 |    490 |     74 |   5920 |   7 | 1166.1 |
       Dungeon |   6697 |   6207 |    490 |     25 |   4989 |   6 | 1116.2 |
         Sewer |   1466 |   1466 |      0 |     49 |    931 |   1 | 1466.0 |
               +--------+--------+--------+--------+--------+-----+--------+

Top non-repeatable levels by time:
     D:3: 1583 daAuts
   Sewer: 1466 daAuts
     D:4: 1415 daAuts
     D:1: 1385 daAuts
     D:5: 1245 daAuts
     D:2: 997 daAuts
     D:6: 70 daAuts
